| TOP OF THE 1ST |
|
Augusta GreenJackets batting - Pitching for Kane County Cougars : LHP Afanasy Apatenko
|
|
Pitching: LHP Afanasy Apatenko
|
|
|
Batting: RHB Miguel Gonzalez
|
0-0: Foul Ball, location: 2F 0-1: Ball 1-1: Foul Ball, location: 2F 1-2: Ball 2-2: Ball 3-2: SINGLE (Flyball, 3D, EV 89.4 MPH)
|
|
Batting: SHB David Barona
|
0-0: Ball 1-0: Called Strike 1-1: Foul Ball, location: 2F 1-2: Ball 2-2: Foul Ball, location: 2F 2-2: SINGLE (Groundball, 56S, EV 61.2 MPH) (infield hit) Miguel Gonzalez to second
|
|
Batting: LHB Tony Galvan
|
0-0: Called Strike 0-1: Fielders Choice at 2nd, 4-6 (Groundball, 4, EV 92.5 MPH) Miguel Gonzalez to third
|
|
Batting: RHB Yutaka Oki
|
0-0: Ball 1-0: Ball Tony Galvan steals 2nd base 2-0: Foul Ball, location: 2F 2-1: Foul Ball, location: 2F 2-2: Foul Ball, location: 2F 2-2: Strikes out swinging
|
|
Batting: RHB Drew Duncan
|
0-0: Ball 1-0: Foul Ball, location: 2F 1-1: Fly out, F4 (Line Drive, 4M, EV 67.5 MPH)
|
| Top of the 1st over - 0 runs, 2 hits, 0 errors, 2 left on base; Augusta 0 - Kane County 0 |
| BOTTOM OF THE 1ST |
|
Kane County Cougars batting - Pitching for Augusta GreenJackets : RHP John Delaney
|
|
Pitching: RHP John Delaney
|
|
|
Batting: RHB Larry Hardman
|
0-0: Foul Ball, location: 2F 0-1: Ball 1-1: SINGLE (Line Drive, 89M, EV 100.0 MPH)
|
|
Batting: RHB Paul Schreiber
|
0-0: Called Strike Larry Hardman is caught stealing 2nd base 2-4 0-1: Ground out 6-3 (Groundball, P, EV 90.6 MPH)
|
|
Batting: SHB Evan Armagost
|
0-0: Swinging Strike 0-1: Ball 1-1: Ground out U3 (Groundball, 34, EV 85.6 MPH)
|
| Bottom of the 1st over - 0 runs, 1 hit, 0 errors, 0 left on base; Augusta 0 - Kane County 0 |
| TOP OF THE 2ND |
|
Augusta GreenJackets batting - Pitching for Kane County Cougars : LHP Afanasy Apatenko
|
|
Batting: LHB Gil Caraveo
|
0-0: Ball 1-0: Ball 2-0: Foul Ball, location: 2F 2-1: Foul Ball, location: 2F 2-2: Foul Ball, location: 2F 2-2: Ball 3-2: Base on Balls
|
|
Batting: RHB Ian Richardson
|
0-0: Ball 1-0: Ball Gil Caraveo steals 2nd base 2-0: Ball 3-0: Base on Balls
|
|
Batting: RHB Mike Jones
|
0-0: Called Strike 0-1: Ball 1-1: Foul Ball, location: 2F 1-2: Grounds into double play, 4-6-3 (Groundball, 4M, EV 105.0 MPH) Gil Caraveo to third
|
|
Batting: LHB John Whitman
|
0-0: Ball 1-0: Called Strike 1-1: Ball 2-1: Foul Ball, location: 2F 2-2: Ground out 4-3 (Groundball, 4M, EV 103.1 MPH)
|
| Top of the 2nd over - 0 runs, 0 hits, 0 errors, 1 left on base; Augusta 0 - Kane County 0 |
| BOTTOM OF THE 2ND |
|
Kane County Cougars batting - Pitching for Augusta GreenJackets : RHP John Delaney
|
|
Batting: RHB Steve Machol
|
0-0: Called Strike 0-1: Ball 1-1: Swinging Strike 1-2: Strikes out swinging
|
|
Batting: RHB Chad Mendoza
|
0-0: SOLO HOME RUN (Flyball, 7LD, EV 98.8 MPH), Distance : 357 ft
|
|
Batting: LHB Jeff Harmon
|
0-0: Called Strike 0-1: Ball 1-1: Foul Ball, location: 2F 1-2: Foul Ball, location: 2F 1-2: Ball 2-2: Foul Ball, location: 2F 2-2: Ball 3-2: Strikes out swinging
|
|
Batting: RHB Sergio Manzanero
|
0-0: Called Strike 0-1: Called Strike 0-2: Ball 1-2: Foul Ball, location: 2F 1-2: Strikes out swinging
|
| Bottom of the 2nd over - 1 run, 1 hit, 0 errors, 0 left on base; Augusta 0 - Kane County 1 |
| TOP OF THE 3RD |
|
Augusta GreenJackets batting - Pitching for Kane County Cougars : LHP Afanasy Apatenko
|
|
Batting: RHB Miguel Gonzalez
|
0-0: Ball 1-0: Ball 2-0: Ball 3-0: Called Strike 3-1: Called Strike 3-2: Strikes out swinging
|
|
Batting: SHB David Barona
|
0-0: Ball 1-0: Ball 2-0: Ball 3-0: Called Strike 3-1: Ground out 6-3 (Groundball, 6, EV 100.6 MPH)
|
|
Batting: LHB Tony Galvan
|
0-0: Ball 1-0: Called Strike 1-1: Ground out U3 (Groundball, 3S, EV 85.0 MPH)
|
| Top of the 3rd over - 0 runs, 0 hits, 0 errors, 0 left on base; Augusta 0 - Kane County 1 |
| BOTTOM OF THE 3RD |
|
Kane County Cougars batting - Pitching for Augusta GreenJackets : RHP John Delaney
|
|
Batting: LHB Enrique Ponce
|
0-0: Ball 1-0: SINGLE (Line Drive, 8RS, EV 98.1 MPH)
|
|
Batting: LHB Tae-geun Kwang
|
0-0: Ball 1-0: Ball 2-0: Ball 3-0: Called Strike 3-1: Foul Ball, location: 2F 3-2: Foul Ball, location: 2F 3-2: Strikes out swinging
|
|
Batting: RHB Larry Hardman
|
0-0: Called Strike 0-1: Called Strike 0-2: Strikes out swinging
|
|
Batting: RHB Paul Schreiber
|
0-0: Ball 1-0: Called Strike 1-1: Ball 2-1: Ball 3-1: Called Strike 3-2: Strikes out looking
|
| Bottom of the 3rd over - 0 runs, 1 hit, 0 errors, 1 left on base; Augusta 0 - Kane County 1 |
| TOP OF THE 4TH |
|
Augusta GreenJackets batting - Pitching for Kane County Cougars : LHP Afanasy Apatenko
|
|
Pitching: RHP John Petersen
|
|
|
Batting: RHB Yutaka Oki
|
0-0: Ball 1-0: SINGLE (Groundball, 4MD, EV 103.1 MPH)
|
|
Batting: RHB Drew Duncan
|
0-0: Ball 1-0: Foul Ball, location: 2F 1-1: 2-RUN HOME RUN (Flyball, 7LD, EV 96.2 MPH), Distance : 364 ft
|
|
Batting: LHB Gil Caraveo
|
0-0: Bunted foul 0-1: Called Strike 0-2: Ball 1-2: Fly out, F7 (Flyball, 7LM, EV 88.8 MPH)
|
|
Batting: RHB Ian Richardson
|
0-0: Swinging Strike 0-1: Foul Ball, location: 2F 0-2: Ball 1-2: Ball 2-2: DOUBLE (Line Drive, 3D, EV 94.4 MPH)
|
|
Batting: RHB Mike Jones
|
0-0: Called Strike Ian Richardson steals 3rd base 0-1: Swinging Strike 0-2: Foul Ball, location: 2F 0-2: Ball 1-2: Strikes out looking
|
|
Batting: LHB John Whitman
|
0-0: SINGLE (Groundball, 56S, EV 73.1 MPH) (infield hit) Ian Richardson scores
|
|
Batting: RHB Miguel Gonzalez
|
0-0: Ball 1-0: Ball 2-0: Ball 3-0: Base on Balls John Whitman to second
|
|
Pitching: RHP Jay Woodall
|
|
|
Batting: SHB David Barona
|
0-0: Ball 1-0: Foul Ball, location: 2F 1-1: Foul Ball, location: 2F 1-2: Strikes out swinging
|
| Top of the 4th over - 3 runs, 4 hits, 0 errors, 2 left on base; Augusta 3 - Kane County 1 |
| BOTTOM OF THE 4TH |
|
Kane County Cougars batting - Pitching for Augusta GreenJackets : RHP John Delaney
|
|
Batting: SHB Evan Armagost
|
0-0: Called Strike 0-1: Ball 1-1: Ball 2-1: Swinging Strike 2-2: Ball 3-2: Strikes out swinging
|
|
Batting: RHB Steve Machol
|
0-0: Ball 1-0: Called Strike 1-1: Ground out 5-3 (Groundball, 56S, EV 89.4 MPH)
|
|
Batting: RHB Chad Mendoza
|
0-0: Ball 1-0: Ground out 4-3 (Groundball, 34, EV 87.5 MPH)
|
| Bottom of the 4th over - 0 runs, 0 hits, 0 errors, 0 left on base; Augusta 3 - Kane County 1 |
| TOP OF THE 5TH |
|
Augusta GreenJackets batting - Pitching for Kane County Cougars : RHP Jay Woodall
|
|
Batting: LHB Tony Galvan
|
0-0: SINGLE (Line Drive, 9LS, EV 99.4 MPH)
|
|
Batting: RHB Yutaka Oki
|
0-0: 2-RUN HOME RUN (Flyball, 89XD, EV 106.2 MPH), Distance : 408 ft
|
|
Batting: RHB Drew Duncan
|
0-0: Fly out, F9 (Flyball, 9D, EV 88.8 MPH)
|
|
Batting: LHB Gil Caraveo
|
0-0: Called Strike 0-1: Foul Ball, location: 2F 0-2: Strikes out looking
|
|
Batting: RHB Ian Richardson
|
0-0: Called Strike 0-1: Ball 1-1: Ball 2-1: Foul Ball, location: 2F 2-2: Foul Ball, location: 2F 2-2: Ball 3-2: Strikes out swinging
|
| Top of the 5th over - 2 runs, 2 hits, 0 errors, 0 left on base; Augusta 5 - Kane County 1 |
| BOTTOM OF THE 5TH |
|
Kane County Cougars batting - Pitching for Augusta GreenJackets : RHP John Delaney
|
|
Batting: LHB Jeff Harmon
|
0-0: Called Strike 0-1: Swinging Strike 0-2: Ball 1-2: Ball 2-2: Foul Ball, location: 2F 2-2: Strikes out swinging
|
|
Batting: RHB Sergio Manzanero
|
0-0: Called Strike 0-1: Swinging Strike 0-2: Ball 1-2: Ball 2-2: Ground out 6-3 (Groundball, 6, EV 85.0 MPH)
|
|
Batting: LHB Enrique Ponce
|
0-0: SINGLE (Groundball, 56S, EV 71.9 MPH) (infield hit)
|
|
Batting: LHB Tae-geun Kwang
|
0-0: Called Strike 0-1: Ball 1-1: Called Strike 1-2: Strikes out swinging
|
| Bottom of the 5th over - 0 runs, 1 hit, 0 errors, 1 left on base; Augusta 5 - Kane County 1 |
| TOP OF THE 6TH |
|
Augusta GreenJackets batting - Pitching for Kane County Cougars : RHP Jay Woodall
|
|
Batting: RHB Mike Jones
|
0-0: Hit by Pitch
|
|
Batting: LHB John Whitman
|
0-0: Ball 1-0: Ball 2-0: Ball 3-0: Called Strike 3-1: Base on Balls Mike Jones to second
|
|
Batting: RHB Miguel Gonzalez
|
0-0: Ball Passed Ball! Mike Jones to third John Whitman to second 1-0: Called Strike 1-1: Ball 2-1: Ball 3-1: Called Strike 3-2: Foul Ball, location: 2F 3-2: Foul Ball, location: 2F 3-2: Fly out, F8 (Flyball, 8RXD, EV 93.8 MPH) Runner from 3rd tags up, SCORES, no throw by CF
|
|
Batting: SHB David Barona
|
0-0: Ball 1-0: Ball 2-0: Called Strike 2-1: Ball 3-1: Base on Balls
|
|
Pitching: LHP Cody Batchelor
|
|
|
Batting: LHB Tony Galvan
|
0-0: Ball 1-0: Ball 2-0: Ball 3-0: Base on Balls John Whitman to third David Barona to second
|
|
Batting: RHB Yutaka Oki
|
0-0: Foul Ball, location: 2F 0-1: Ball 1-1: Ball 2-1: Fly out, F7 (Flyball, 7LM, EV 89.4 MPH)
|
|
Batting: RHB Drew Duncan
|
0-0: Ball 1-0: Foul Ball, location: 2F 1-1: Ball 2-1: SINGLE (Popup, 3D, EV 60.0 MPH) John Whitman scores David Barona to third Tony Galvan to second Runner from 3rd tries for Home, SAFE, throw by 2B to home
|
|
Batting: LHB Gil Caraveo
|
0-0: Swinging Strike 0-1: Swinging Strike 0-2: Strikes out swinging
|
| Top of the 6th over - 3 runs, 1 hit, 0 errors, 2 left on base; Augusta 8 - Kane County 1 |
| BOTTOM OF THE 6TH |
|
Kane County Cougars batting - Pitching for Augusta GreenJackets : RHP John Delaney
|
|
Batting: RHB Larry Hardman
|
0-0: Ball 1-0: Foul Ball, location: 2F 1-1: Ground out 6-3 (Groundball, 6, EV 82.5 MPH)
|
|
Batting: RHB Paul Schreiber
|
0-0: Ball 1-0: SINGLE (Groundball, 4MD, EV 109.4 MPH)
|
|
Batting: SHB Evan Armagost
|
0-0: Ball 1-0: Swinging Strike 1-1: SINGLE (Line Drive, 7LS, EV 96.9 MPH) Paul Schreiber to second
|
|
Batting: RHB Steve Machol
|
0-0: Foul Ball, location: 2F 0-1: Ball 1-1: Ball 2-1: Foul Ball, location: 2F 2-2: Strikes out swinging
|
|
Pitching: RHP Tadesse Karume
|
|
|
Batting: RHB Chad Mendoza
|
0-0: Foul Ball, location: 2F 0-1: SINGLE (Groundball, 34D, EV 96.9 MPH) Paul Schreiber to third Evan Armagost to second Runner from 3rd tries for Home, SAFE, throw by RF to home
|
|
Batting: LHB Jeff Harmon
|
0-0: Ball 1-0: Ground out 5-3 (Groundball, 56S, EV 69.4 MPH)
|
| Bottom of the 6th over - 1 run, 3 hits, 0 errors, 2 left on base; Augusta 8 - Kane County 2 |
| TOP OF THE 7TH |
|
Augusta GreenJackets batting - Pitching for Kane County Cougars : LHP Cody Batchelor
|
|
Batting: RHB Ian Richardson
|
0-0: Ball 1-0: Called Strike 1-1: Called Strike 1-2: Ball 2-2: Foul Ball, location: 2F 2-2: Fly out, F8 (Line Drive, 8RM, EV 103.8 MPH)
|
|
Batting: RHB Mike Jones
|
0-0: Ball 1-0: Ball 2-0: Called Strike 2-1: Ball 3-1: Fly out, F2 (Popup, 2RF, EV 90.6 MPH)
|
|
Batting: LHB John Whitman
|
0-0: Foul Ball, location: 2F 0-1: Ball 1-1: Ground out 4-3 (Groundball, 4, EV 93.1 MPH)
|
| Top of the 7th over - 0 runs, 0 hits, 0 errors, 0 left on base; Augusta 8 - Kane County 2 |
| BOTTOM OF THE 7TH |
|
Kane County Cougars batting - Pitching for Augusta GreenJackets : RHP Tadesse Karume
|
|
Batting: RHB Sergio Manzanero
|
0-0: Ball 1-0: Ball 2-0: Ball 3-0: Ground out 6-3 (Groundball, 6D, EV 103.1 MPH)
|
|
Batting: LHB Enrique Ponce
|
0-0: Swinging Strike 0-1: Ball 1-1: Foul Ball, location: 2F 1-2: Ball 2-2: Foul Ball, location: 2F 2-2: Ground out 6-3 (Groundball, 6, EV 85.0 MPH)
|
|
Batting: LHB Tae-geun Kwang
|
0-0: Foul Ball, location: 2F 0-1: Called Strike 0-2: Strikes out swinging
|
| Bottom of the 7th over - 0 runs, 0 hits, 0 errors, 0 left on base; Augusta 8 - Kane County 2 |
| TOP OF THE 8TH |
|
Augusta GreenJackets batting - Pitching for Kane County Cougars : LHP Cody Batchelor
|
|
Batting: RHB Miguel Gonzalez
|
0-0: Foul Ball, location: 2F 0-1: SINGLE (Groundball, 23, EV 68.8 MPH) (infield hit)
|
|
Batting: SHB David Barona
|
0-0: Called Strike 0-1: Swinging Strike 0-2: Reached on error, E6 (Groundball, 6S, EV 87.5 MPH) Miguel Gonzalez to second
|
|
Batting: LHB Tony Galvan
|
0-0: Ball 1-0: Fly out, F8 (Flyball, 8RXD, EV 101.2 MPH) Runner from 2nd tags up, SAFE at 3rd, no throw by CF
|
|
Batting: RHB Yutaka Oki
|
0-0: Ball 1-0: Ball 2-0: Ball 3-0: Base on Balls David Barona to second
|
|
Batting: RHB Drew Duncan
|
0-0: Called Strike 0-1: Ball 1-1: Called Strike 1-2: Ball 2-2: Foul Ball, location: 2F 2-2: Strikes out swinging
|
|
Batting: LHB Gil Caraveo
|
0-0: Ball 1-0: Ball 2-0: Called Strike 2-1: Fly out, F3 (Line Drive, 4, EV 66.9 MPH)
|
| Top of the 8th over - 0 runs, 1 hit, 1 error, 3 left on base; Augusta 8 - Kane County 2 |
| BOTTOM OF THE 8TH |
|
Kane County Cougars batting - Pitching for Augusta GreenJackets : RHP Tadesse Karume
|
|
Batting: RHB Larry Hardman
|
0-0: Ball 1-0: SINGLE (Line Drive, 4MD, EV 99.4 MPH)
|
|
Batting: RHB Paul Schreiber
|
0-0: Foul Ball, location: 2F 0-1: Ball 1-1: Grounds into double play, 6-4-3 (Groundball, 6, EV 96.2 MPH)
|
|
Batting: SHB Evan Armagost
|
0-0: Ball 1-0: Ball 2-0: Fly out, F2 (Popup, 5SF, EV 81.2 MPH)
|
| Bottom of the 8th over - 0 runs, 1 hit, 0 errors, 0 left on base; Augusta 8 - Kane County 2 |
| TOP OF THE 9TH |
|
Augusta GreenJackets batting - Pitching for Kane County Cougars : LHP Cody Batchelor
|
|
Batting: RHB Ian Richardson
|
0-0: Ball 1-0: Ball 2-0: Called Strike 2-1: Swinging Strike 2-2: Ball 3-2: Fly out, F4 (Popup, 4MD, EV 50.0 MPH)
|
|
Batting: RHB Mike Jones
|
0-0: Ball 1-0: Called Strike 1-1: Fly out, F9 (Flyball, 9S, EV 94.4 MPH)
|
|
Batting: LHB John Whitman
|
0-0: Fly out, F9 (Flyball, 9, EV 78.8 MPH)
|
| Top of the 9th over - 0 runs, 0 hits, 0 errors, 0 left on base; Augusta 8 - Kane County 2 |
| BOTTOM OF THE 9TH |
|
Kane County Cougars batting - Pitching for Augusta GreenJackets : RHP Tadesse Karume
|
|
Batting: RHB Steve Machol
|
0-0: Called Strike 0-1: Ball 1-1: Ground out 1-3 (Groundball, 13S, EV 72.5 MPH)
|
|
Batting: RHB Chad Mendoza
|
0-0: SINGLE (Line Drive, 7S, EV 101.9 MPH)
|
|
Batting: LHB Jeff Harmon
|
0-0: Ball 1-0: Foul Ball, location: 2F 1-1: Swinging Strike 1-2: Strikes out swinging
|
|
Pitching: RHP Takashi Kino
|
|
|
Batting: RHB Sergio Manzanero
|
0-0: Foul Ball, location: 2F 0-1: Ball 1-1: Ball 2-1: Foul Ball, location: 2F 2-2: Ball 3-2: Strikes out looking
|
| Bottom of the 9th over - 0 runs, 1 hit, 0 errors, 1 left on base; Augusta 8 - Kane County 2 |
|